AoeStats
← 17_Neo_

Arabia

508002029Analyzed
1v1 RM · 12d ago on Sep 20, 2026· 51m 22s· 2 players
Game mode
Random Map
Map size
Tiny (2 player)
Population
200
Speed
Normal
Resources
Standard
Victory
Conquest
Starting age
Dark Age
Ending age
Imperial Age
RankedLock teamsTeams togetherTeam positionsShared explorationLock speedFull tech treeHidden civsTurbo modeCheats
Victory
Defeat
🇩🇿 Slavs · Algeria
1728
+13
🇨🇴 Mongols · Colombia
1651
-13
17_Neo_
6:48 Loom
9:45 Feudal Age
11:56 Feudal Age
16:02 Castle Age
16:03 Bloodlines
23:08 Fletching
24:29 Bodkin Arrow
25:45 Padded Archer Armor
29:26 Ballistics
29:16 Husbandry
29:23 Town Watch
31:13 Double-Bit Axe
33:57 Leather Archer Armor
48:29 Thumb Ring
Jozzif
6:49 Loom
7:04 Loom
9:04 Feudal Age
9:44 Double-Bit Axe
20:20 Gold Mining
23:16 Castle Age
21:19 Scale Mail Armor
21:29 Forging
21:38 Gold Mining
22:02 Horse Collar
23:34 Scale Barding Armor
27:08 Husbandry
30:33 Fletching
32:58 Bodkin Arrow
34:45 Wheelbarrow
35:23 Ballistics
35:54 Town Watch
36:53 Bloodlines
38:43 Chain Barding Armor
40:17 Hand Cart
43:08 Imperial Age
40:00 Light Cavalry
42:44 Iron Casting
44:29 Plate Barding Armor
45:57 Conscription
47:20 Blast Furnace
48:16 Cavalier
49:30 Detinets
Connection lost

Rejoining the realm…

Still unreachable

The connection could not be restored.

Session expired

The server has moved on; the page needs a fresh start.